 Dungeon Crawl Stone Soup version 0.25-a0-565-g8875c97ebb (webtiles) character file.

Game seed: 12314359073692861547, levelgen mode: classic

239 EnegeticOcto the Covered (level 5, 50/50 HPs)
             Began as a Deep Dwarf Fighter on Feb 26, 2020.
             Quit the game in the Ecumenical Temple.
             The game lasted 00:00:51 (786 turns).

EnegeticOcto the Covered (Deep Dwarf Fighter)        Turns: 786, Time: 00:00:51

Health: 50/50      AC:  8    Str: 21    XL:     5   Next: 79%
Magic:  3/3        EV:  8    Int:  8    God:
Gold:   128        SH:  9    Dex: 12    Spells: 4/4 levels left

rFire    . . .     SeeInvis .   a - +0 war axe
rCold    + . .     Gourm    +   c - +0 kite shield
rNeg     . . .     Faith    .   b - +0 scale mail
rPois    .         Spirit   .   p - +0 helmet
rElec    .         Reflect  .   (no cloak)
rCorr    .         Harm     .   (no gloves)
MR       .....     Rnd*Tele +   (no boots)
Stlth    ..........             s - amulet of the gourmand
HPRegen  0.00/turn              o - ring of teleportation (curse)
MPRegen  0.08/turn              i - ring of protection from cold

@: mildly poisoned (50 -> 50), non-regenerating
A: damage resistance, heal wounds, sense surroundings 1, no regeneration
a: Heal Wounds


You were in the Ecumenical Temple.
You were not hungry.

You visited 2 branches of the dungeon, and saw 5 of its levels.

You collected 128 gold pieces.

Inventory:

Hand Weapons
 a - a +0 war axe (weapon)
Armour
 b - a +0 scale mail (worn)
 c - a +0 kite shield (worn)
 p - a +0 helmet (worn)
Jewellery
 i - a ring of protection from cold (right hand)
 o - a cursed ring of teleportation (left hand)
 s - an amulet of the gourmand (around neck)
Scrolls
 g - a scroll of blinking {unknown}
 h - 4 scrolls of teleportation {unknown}
 j - a scroll of random uselessness {unknown}
 l - a scroll of immolation {unknown}
 n - 2 scrolls of identify {unknown}
 t - a scroll of amnesia {unknown}
Potions
 d - a potion of mutation {unknown}
 k - a potion of might {@q3}
 m - a potion of flight {unknown}
 r - a potion of curing {unknown}
Comestibles
 e - 4 rations


   Skills:
 * Level 3.9 Fighting
 * Level 4.0 Axes
 + Level 4.1 Armour
 + Level 2.0 Dodging
 + Level 4.0 Shields


You had 4 spell levels left.
You didn't know any spells.
Your spell library was empty.

Dungeon Overview and Level Annotations

Branches:
Dungeon (4/15)             Temple (1/1) D:4

Altars:
Ashenzari
Gozag
Kikubaaqudgha
Qazlal
Uskayaw
Vehumet
Wu Jian

Annotations:
D:3 3 runed translucent doors, Yorgos's ghost, amateur GnCK


Innate Abilities, Weirdness & Mutations

You are resistant to damage.
You can heal yourself by infusing magical energy.
You passively map a small area around you.
You do not regenerate.


Message History

You closely miss the scorpion.
The scorpion is heavily wounded.
You feel sick. The scorpion stings you.
You are more poisoned.
The scorpion poisons you!
You closely miss the scorpion.
The scorpion is heavily wounded.
You feel very sick.
A ball python comes into view.
The scorpion stings you but does no damage.
You are too injured to fight recklessly!
You are too injured to fight recklessly!
You are too injured to fight recklessly!
You are too injured to fight recklessly!
You are too injured to fight recklessly!
You are too injured to fight recklessly!
You feel much better.
You feel sick.
The ball python hisses angrily.
The scorpion stings you.
Your magical essence is drained by the effort!
You feel much better.
You feel very sick. You block the scorpion's attack.
You feel sick. The scorpion stings you!
You are more poisoned.
The scorpion poisons you!
You closely miss the scorpion.
The scorpion is heavily wounded.
You feel very sick. You block the scorpion's attack.
The scorpion stings you but does no damage.
You closely miss the scorpion.
The scorpion is heavily wounded.
You hit the ball python.
You feel very sick. You block the ball python's attack.
The ball python grabs you. The ball python constricts you.
You block the scorpion's attack.
You closely miss the ball python.
The ball python is moderately wounded.
You barely miss the scorpion.
You feel very sick. You block the ball python's attack.
The ball python constricts you. The scorpion stings you.
The ball python bites you but does no damage.
The ball python constricts you.
You closely miss the ball python.
The ball python is moderately wounded.
You hit the scorpion.
You feel very sick. The scorpion stings you.
You block the ball python's attack. The ball python constricts you.
You block the scorpion's attack.
You barely miss the ball python.
The ball python is moderately wounded.
You slash the scorpion!
You kill the scorpion!
Your Axes skill increases to level 4!
Your Dodging skill increases to level 2!
Your Shields skill increases to level 4!
You feel very sick. You block the ball python's attack.
The ball python constricts you.
The ball python bites you but does no damage.
The ball python constricts you.
You are too injured to fight recklessly!
You are too injured to fight recklessly!
You are too injured to fight recklessly!
You are too injured to fight recklessly!
You are too injured to fight recklessly!
You feel much better.
You feel sick.
The ball python bites you but does no damage.
The ball python constricts you.
You feel much better. The ball python bites you.
The ball python constricts you.
Your health is already full.
You escape the ball python's grasp.
The ball python bites you but does no damage.
You block the ball python's attack.
There is a staircase to the Ecumenical Temple here.
You hit the ball python.
You kill the ball python!
No target in view!
No target in view!
No target in view!
No target in view!
You climb downwards.
Welcome to the Ecumenical Temple!
Found an ornate altar of the Wu Jian Council.
There is a staircase back to the Dungeon here.
Found a shattered altar of Ashenzari.
Found an ancient bone altar of Kikubaaqudgha.
Found an opulent altar of Gozag.
Found a stormy altar of Qazlal.
Found a radiant altar of Vehumet.
No target in view!
No target in view!
No target in view!
No target in view!
No target in view!
No target in view!
No target in view!
Found a hide-covered altar of Uskayaw.
Are you sure you want to abandon this character and quit the game? (Confirm with "yes".)

..._. *.....
_...#* * ,
....# * *
#...##### * ,
* #......#
#.....# _
#.@_..# ,
#.....##
#......## *
#####...#####
* ,*
##......# ,
##.....# ,
#.._..# *
#.....## , **
#......##


There were no monsters in sight!

Vanquished Creatures
  A scorpion (D:4)
  A howler monkey (D:4)
  Natasha (D:4)
  A killer bee zombie (D:4)
  3 gnolls (D:3)
  4 adders
  3 oozes
  3 worms
  A leopard gecko (D:4)
  2 ball pythons
  A giant cockroach (D:3)
  A goblin (D:2)
  2 hobgoblins (D:3)
  A quokka (D:3)
  2 frilled lizards
  3 kobolds
  A quokka skeleton (D:4)
  A rat (D:3)
32 creatures vanquished.

Notes
Turn   | Place    | Note
-------+----------+-------------------------------------------
     0 | D:1      | EnegeticOcto the Deep Dwarf Fighter began the quest for the
                  | Orb.
     0 | D:1      | Reached XP level 1. HP: 20/20 MP: 1/1
    52 | D:2      | Reached XP level 2. HP: 25/27 MP: 2/2
    87 | D:3      | Reached XP level 3. HP: 29/34 MP: 3/3
    91 | D:3      | Reached skill level 1 in Dodging
   149 | D:3      | Found a runed translucent gate.
   149 | D:3      | Noticed Yorgos's ghost (amateur GnCK)
   150 | D:3      | Found a runed translucent gate.
   153 | D:3      | Noticed a centaur
   163 | D:3      | Found a runed translucent gate.
   269 | D:3      | Reached XP level 4. HP: 35/42 MP: 3/3
   610 | D:4      | Noticed Natasha
   618 | D:4      | Killed Natasha
   620 | D:4      | Reached XP level 5. HP: 46/49 MP: 4/4
   730 | D:4      | Found a staircase to the Ecumenical Temple.
   755 | Temple   | Entered the Ecumenical Temple
   786 | Temple   | Quit the game

Levels and vault maps discovered:
D:1:      minmay_arrival_plants_in_alcoves, layout_basic, serial_forest,
          infiniplex_forest_clump_curved, infiniplex_forest_end_1,
          infiniplex_forest_lined_room_2, infiniplex_forest_clump_large,
          infiniplex_forest_zigzag_2, infiniplex_forest_straight_1,
          infiniplex_forest_clump_small
D:2:      layout_rooms, kennysheep_generic_room_9
D:3:      layout_basic, gammafunk_ghost_split, first_ration
D:4:      layout_basic, minmay_temple_entry_large_hall, grunt_tough_drop,
          uniq_natasha, uniq_pikel
Temple:   minmay_crystal_spiral_temple

Skill      XL: |  1  2  3  4  5 |
---------------+----------------+-----
Fighting       | 3 |  3.9
Dodging        | 1 2 |  2.0
Axes           | 3 4 |  4.0
Armour         | 4 |  4.1
Shields        | 4 |  4.0

Action                   |  1- 3 |  4- 6 || total
-------------------------+-------+-------++-------
Melee: War axe           |    42 |    69 ||   111
 Abil: Heal Wounds       |     1 |     6 ||     7
  Eat: Chunk             |       |     2 ||     2
Armor: Scale mail        |    21 |    42 ||    63
Dodge: Dodged            |    10 |    30 ||    40
Block: Kite shield       |    27 |    42 ||    69

Table legend:
 A = Non-vault XP
 B = Vault XP
 C = Vault XP percentage of total XP
 D = Non-vault monster count
 E = Vault monster count
 F = Vault count percentage of total count
                 A         B        C        D         E       F
            +---------+---------+-------+---------+---------+-------
      Total |     307 |      35 |  10.2 |      31 |       1 |   3.1
            +---------+---------+-------+---------+---------+-------
        D:1 |       8 |       0 |   0.0 |       2 |       0 |   0.0
        D:2 |      15 |       0 |   0.0 |       2 |       0 |   0.0
        D:3 |     101 |       0 |   0.0 |      17 |       0 |   0.0
        D:4 |     183 |      35 |  16.1 |      10 |       1 |   9.1
            +---------+---------+-------+---------+---------+-------
